 Dungeon Crawl Stone Soup version 0.26.1 (webtiles) character file.

Game seed: 6078128113637019975

1035417 PentaManta the Heavyweight Champion (level 27, -14/318 HPs)
             Began as a Troll Abyssal Knight on Feb 5, 2021.
             Was a High Priest of Lugonu.
             Demolished by a bone dragon (16 damage)
             ... created by the effects of Hell
             ... on level 7 of the Iron City of Dis.
             The game lasted 06:41:22 (91703 turns).

PentaManta the Heavyweight Champion (TrAK)         Turns: 91703, Time: 06:41:22

Health: -14/318    AC: 21    Str: 37      XL:     27
Magic:  35/38      EV: 12    Int: 12      God:    Lugonu [*****.]
Gold:   4805       SH: 31    Dex:  4 (5)  Spells: 25/51 levels left

rFire    + + .     SeeInvis +     - Unarmed
rCold    . . .     Faith    .   r - +8 tower shield {reflect}
rNeg     + + +     Spirit   .   (armour currently unavailable)
rPois    ∞         Reflect  +   g - +0 mask of the Dragon {Will+ Slay+3 SInv}
rElec    +         Harm     .   j - +2 cloak {Will+}
rCorr    .         Rampage  .   (gloves unavailable)
Will     +++++     Rnd*Rage +   (boots unavailable) Stlth +.........Rnd*Tele +
                                o - amulet of regeneration
HPRegen  1.43/turn              I - ring "Horphel" {rF++ rN+ Int+4}
MPRegen  0.26/turn              i - ring "Beurez" {rElec rPois rN+ Dex-4 SInv}

@: swift, statue-form, corroded, slow
A: large, unfitting armour, beak, claws 3, rugged brown scales 1, berserk 1,
deformed body, deterioration 2, frail 2, strong-willed 3, sense surroundings 1,
regeneration 1, teleportitis 1, no potion heal 1
}: 7/15 runes: decaying, slimy, silver, obsidian, icy, abyssal, gossamer
a: End Transformation, Renounce Religion, Depart the Abyss, Bend Space, Banish,
Corrupt, Enter the Abyss


You were on level 7 of the Iron City of Dis.
You worshipped Lugonu.
Lugonu was extremely pleased with you.
You were a stone statue.
You visited 17 branches of the dungeon, and saw 81 of its levels.
You visited the Abyss 16 times.
You visited 1 bazaar.
You also visited: Trove, Sewer, Ossuary, Gauntlet, Ice Cave and Wizlab.

You collected 12833 gold pieces.
You spent 8028 gold pieces at shops.

Inventory:

Missiles
 d - 119 large rocks (quivered)
Armour
 g - the +0 mask of the Dragon (worn) {Will+ Slay+3 SInv}
   (You found it on level 4 of the Realm of Zot)

   It affects your accuracy and damage with ranged weapons and melee attacks
   (+3).
   It affects your willpower, your defense against some magical effects.
   It lets you see invisible.
 j - a +2 cloak of willpower (worn)
 r - a +8 tower shield of reflection (worn)
 y - the +3 crown of Dyrovepreva {rElec Int+2 SInv}
   (You found it on level 4 of the Dungeon)

   It affects your intelligence (+2).
   It insulates you from electricity.
   It lets you see invisible.
 G - +10 pearl dragon scales (melded)
 W - a scarf of resistance
 Z - a +2 tower shield of resistance
Jewellery
 b - the ring "Amaghu Rari" {rF- rC+ Will+ AC+4 SInv}
   (You found it in a treasure trove)

   [ring of protection]

   It affects your AC (+4).
   It makes you vulnerable to fire.
   It protects you from cold.
   It affects your willpower, your defense against some magical effects.
   It lets you see invisible.
 h - the ring of the Ten Orbs {rC+ rCorr}
   (You found it on level 7 of Gehenna)

   [ring of resist corrosion]

   It protects you from cold.
   It provides partial protection from all sources of acid and corrosion.
 i - the ring "Beurez" (right claw) {rElec rPois rN+ Dex-4 SInv}
   (You found it on level 1 of the Elven Halls)

   [ring of dexterity]

   It affects your dexterity (-4).
   It insulates you from electricity.
   It protects you from poison.
   It protects you from negative energy.
   It lets you see invisible.
 o - an amulet of regeneration (around neck)
 p - the ring "Xutzat" {rF+ Will+ Str+6}
   (You bought it in a shop on level 2 of the Depths)

   [ring of strength]

   It affects your strength (+6).
   It protects you from fire.
   It affects your willpower, your defense against some magical effects.
 t - the ring of Shadows {Umbra +Inv Stlth+}
   (You found it on level 5 of the Pits of Slime)

   [ring of stealth]

   It lets you turn invisible.
   It makes you more stealthy.
 z - the ring "Alaulime" {rPois rN+}
   (You found it on level 3 of the Crypt)

   [ring of positive energy]

   It protects you from poison.
   It protects you from negative energy.
 D - the ring "Vooklar" {Will+ EV+4}
   (You found it in an ossuary)

   [ring of evasion]

   It affects your evasion (+4).
   It affects your willpower, your defense against some magical effects.
 H - the ring of Loehoopt {rPois MP+9 Dex-2 Slay+3 SInv}
   (You found it on level 5 of the Depths)

   [ring of see invisible]

   It affects your dexterity (-2).
   It affects your accuracy and damage with ranged weapons and melee attacks
   (+3).
   It protects you from poison.
   It affects your magic capacity (+9).
   It lets you see invisible.
 I - the ring "Horphel" (left claw) {rF++ rN+ Int+4}
   (You found it on level 3 of the Crypt)

   [ring of positive energy]

   It affects your intelligence (+4).
   It greatly protects you from fire.
   It protects you from negative energy.
 K - the ring of the Tortoise {AC+8}
   (You found it on level 7 of the Dungeon)

   [ring of protection]

   It affects your AC (+8).
 L - the amulet of Tetzog {Acrobat rElec rN+ Dex+4}
   (You acquired it on level 3 of the Crypt)

   [amulet of the acrobat]

   It helps you evade while moving and waiting.
   It affects your dexterity (+4).
   It insulates you from electricity.
   It protects you from negative energy.
 U - an uncursed amulet of reflection
 Y - the ring of Witax {+Blink rPois rC+ MP-9 Int+2}
   (You found it on level 3 of the Crypt)

   [ring of protection from cold]

   It affects your intelligence (+2).
   It protects you from cold.
   It protects you from poison.
   It affects your magic capacity (-9).
   It lets you blink.
Wands
 a - a wand of iceblast (39)
 l - a wand of acid (72)
 n - a wand of digging (36)
Scrolls
 c - 14 scrolls of blinking
 k - 39 scrolls of remove curse
 w - 13 scrolls of fog
 B - 10 scrolls of magic mapping
 C - 33 scrolls of identify
 F - a scroll of summoning
 J - 48 scrolls of teleportation
 M - 2 scrolls of silence
 Q - 12 scrolls of fear
 X - 4 scrolls of holy word
Potions
 e - 7 potions of brilliance
 f - 6 potions of cancellation
 m - 12 potions of curing
 q - 3 potions of magic
 s - 6 potions of might
 u - 12 potions of resistance
 v - 7 potions of flight
 x - 10 potions of berserk rage
 A - 15 potions of lignification
 P - 4 potions of ambrosia
 R - 7 potions of invisibility
 V - 4 potions of haste
Miscellaneous
 E - a phantom mirror
 N - a phial of floods


   Skills:
 + Level 21.2 Fighting
 - Level 20.1 Throwing
 + Level 16.1 Armour
 + Level 16.2 Dodging
 + Level 16.6 Shields
 O Level 27 Unarmed Combat
 - Level 12.6 Spellcasting
 - Level 10.3 Necromancy
 - Level 14.5 Transmutations
 - Level 4.1 Air Magic
 - Level 15.8 Earth Magic
 - Level 16.0 Invocations


You had 25 spell levels left.
You knew the following spells:

 Your Spells              Type           Power        Failure   Level
a - Necromutation         Tmut/Necr      18%          98%         8
b - Statue Form           Tmut/Erth      29%          2%          6
c - Dispel Undead         Necr           32%          1%          4
d - Swiftness             Air            17%          2%          2
e - Confusing Touch       Hex            7%           28%         3
f - Wereblood             Tmut           42%          1%          2
g - Apportation           Tloc           14%          10%         1

Your spell library contained the following spells:

 Spells                   Type           Power        Failure   Level
 Sandblast                Erth           90%          0%          1
 Animate Skeleton         Necr           64%          1%          1
 Beastly Appendage        Tmut           84%          1%          1
 Pain                     Necr           100%         1%          1
 Sting                    Tmut/Pois      100%         1%          1
 Corpse Rot               Necr/Air       N/A          1%          2
 Passwall                 Tmut/Erth      36%          1%          2
 Sublimation of Blood     Necr           16%          1%          2
 Spider Form              Tmut/Pois      12%          1%          3
 Stone Arrow              Conj/Erth      52%          1%          3
 Vampiric Draining        Necr           16%          1%          3
 Animate Dead             Necr           16%          1%          4
 Petrify                  Tmut/Erth      44%          1%          4
 Blade Hands              Tmut           21%          1%          5
 Borgnjor's Vile Clutch   Necr/Erth      19%          1%          5
 Lee's Rapid Deconstruct  Erth           22%          1%          5
 Ignite Poison            Fire/Tmut/Pois 19%          3%          3
 Leda's Liquefaction      Hex/Erth       13%          3%          4
 Agony                    Necr           32%          3%          5
 Excruciating Wounds      Necr           16%          3%          5
 Hydra Form               Tmut           21%          3%          6
 Shock                    Conj/Air       48%          4%          1
 Ice Form                 Ice/Tmut       25%          4%          4
 Poisonous Vapours        Pois/Air       24%          6%          2
 Corona                   Hex            7%           10%         1
 Foxfire                  Conj/Fire      28%          10%         1
 Freeze                   Ice            28%          10%         1
 Magic Dart               Conj           28%          10%         1
 Summon Small Mammal      Summ           28%          10%         1
 Static Discharge         Conj/Air       12%          12%         3
 Alistair's Intoxication  Tmut/Pois      16%          13%         5
 Yara's Violent Unravell  Hex/Tmut       12%          13%         5
 Blink                    Tloc           N/A          14%         2
 Call Imp                 Summ           7%           14%         2
 Ensorcelled Hibernation  Hex/Ice        14%          14%         2
 Searing Ray              Conj           14%          14%         2
 Slow                     Hex            7%           14%         2
 Mephitic Cloud           Conj/Pois/Air  10%          16%         3
 Airstrike                Air            8%           17%         4
 Death Channel            Necr           16%          21%         6
 Dragon Form              Tmut           21%          21%         7
 Call Canine Familiar     Summ           7%           28%         3
 Conjure Flame            Conj/Fire      7%           28%         3
 Dazzling Flash           Conj/Hex       14%          28%         3
 Frozen Ramparts          Ice            14%          28%         3
 Gell's Gravitas          Tloc           3%           28%         3
 Inner Flame              Hex/Fire       7%           28%         3
 Lesser Beckoning         Tloc           3%           28%         3
 Ozocubu's Armour         Ice            7%           28%         3
 Summon Guardian Golem    Hex/Summ       7%           28%         3
 Tukima's Dance           Hex            7%           28%         3
 Bolt of Magma            Conj/Fire/Erth 10%          28%         5
 Summon Lightning Spire   Summ/Air       12%          36%         4
 Iron Shot                Conj/Erth      13%          50%         6
 Eringya's Noxious Bog    Tmut/Pois      12%          56%         6
 Cause Fear               Hex            3%           67%         4
 Fulminant Prism          Conj/Hex       3%           67%         4
 Hailstorm                Conj/Ice       7%           67%         4
 Iskenderun's Mystic Bla  Conj/Tloc      7%           67%         4
 Sticky Flame             Conj/Fire      7%           67%         4
 Summon Ice Beast         Ice/Summ       7%           67%         4
 Lightning Bolt           Conj/Air       6%           73%         5
 Silence                  Hex/Air        6%           73%         5
 Simulacrum               Ice/Necr       9%           86%         6
 Fireball                 Conj/Fire      3%           95%         5
 Iskenderun's Battlesphe  Conj           7%           95%         5
 Metabolic Englaciation   Hex/Ice        3%           95%         5
 Summon Forest            Summ/Tloc      3%           95%         5
 Conjure Ball Lightning   Conj/Air       6%           99%         6
 Freezing Cloud           Conj/Ice/Air   5%           100%        6
 Shadow Creatures         Summ           N/A          100%        6
 Starburst                Conj/Fire      3%           100%        6
 Haunt                    Necr/Summ      9%           100%        7
 Malign Gateway           Summ/Tloc      3%           100%        7
 Monstrous Menagerie      Summ           3%           100%        7
 Orb of Destruction       Conj           3%           100%        7
 Spellforged Servitor     Conj/Summ      3%           100%        7
 Summon Greater Demon     Summ           3%           100%        7
 Summon Hydra             Summ           3%           100%        7
 Borgnjor's Revivificati  Necr           16%          100%        8
 Discord                  Hex            3%           100%        8
 Ignition                 Fire           3%           100%        8
 Infestation              Necr           16%          100%        8
 Lehudib's Crystal Spear  Conj/Erth      13%          100%        8
 Summon Horrible Things   Summ           3%           100%        8
 Death's Door             Necr           16%          100%        9
 Dragon's Call            Summ           3%           100%        9
 Shatter                  Erth           22%          100%        9
 Tornado                  Air            8%           100%        9


Dungeon Overview and Level Annotations

Branches:
Dungeon (15/15)            Temple (1/1) D:6            Lair (6/6) D:9
  Swamp (4/4) Lair:3       Spider (4/4) Lair:3        Slime (5/5) Lair:5
    Orc (2/2) D:11            Elf (3/3) Orc:2        Vaults (5/5) D:13
  Crypt (3/3) Vaults:2       Tomb (1/3) Crypt:3      Depths (5/5) D:15
   Hell (visited)             Dis (7/7) Hell            Geh (7/7) Hell
    Coc (7/7) Hell            Tar (0/7) Hell            Zot (5/5) Depths:5
  Sewer (visited)         Ossuary (visited)           IceCv (visited)
 WizLab (visited)         Gauntlet (visited)

Altars:
Ashenzari
Cheibriados
Dithmenos
Elyvilon
Fedhas
Gozag
Hepliaklqana
Kikubaaqudgha
Makhleb
Nemelex Xobeh
Okawaru
Qazlal
Ru
Sif Muna
Trog
Uskayaw
Vehumet
Wu Jian
Xom
Yredelemnul
Zin
The Shining One
Beogh
Jiyva
Lugonu

Shops:
D:15 (   Orc:1 ?   Orc:2 !((}*   Elf:1 :   Elf:2 =   Vaults:2 *   Vaults:3 :
Vaults:5 :   Depths:2 }=}   Depths:5 :(

Portals:
Hell: Depths:1 Depths:2 Depths:3 Depths:4 Depths:5
Abyss: D:8 Depths:3 Depths:4
Pandemonium: Depths:3
Ziggurat: Depths:3

Annotations:
Slime:5 corrupted
Vaults:5 corrupted
Tomb:1 corrupted
Hell corrupted
Dis:3 6 runed doors
Coc:7 corrupted
Zot:5 corrupted


Innate Abilities, Weirdness & Mutations

You are too large for most types of armour.
You have claws for hands.
Your natural rate of healing is unusually fast.
((You are covered in fur. (AC +1)))
((You have extremely tough skin. (AC +3)))
You have a beak for a mouth.
(You are partially covered in rugged brown scales. (AC +1, +3% HP))
((You are partially covered in yellow scales. (AC +2)))
You tend to lose your temper in combat.
Armour fits poorly on your strangely shaped body.
Your body often deteriorates upon taking damage.
You are very frail. (-20% HP)
You are extremely strong-willed. (Will+++)
You passively map a small area around you.
You are occasionally teleported next to monsters.
Potions are less effective at restoring your health.


Message History

The four-headed hydra zombie bites you but does no damage.
You block the four-headed hydra zombie's attack.
Unknown command.
You block the bone dragon's attack. x3; You block the reaper's attack.
The four-headed hydra zombie completely misses you.
The four-headed hydra zombie barely misses you. x2
The four-headed hydra zombie bites you but does no damage.
You block the bone dragon's attack. The bone dragon claws you!
* * * LOW HITPOINT WARNING * * *
The bone dragon closely misses you. The reaper shouts, "Death awaits you!"
You block the reaper's attack.
The iron giant throws the reaper at you!
* * * LOW HITPOINT WARNING * * *
The reaper hits you with a +2 vampiric scythe!!
* * * LOW HITPOINT WARNING * * *
You scratch the reaper.
The reaper is lightly wounded.
You block the reaper's attack. The bone dragon bites you!
You die...

,,,*******#.............####.....
*************#..........#([#.....
****,,,,,,***###........#..'.....
*,,,,,,,,,,,,###'#......####...##
*,,,,,,,,,,,,#..)##............#.
+,,,,,,,,,,,,#..)###...........#.
*,,***+*,,,,,#...#*##..........#/
*,,*,,,*,,,,,#..2#,*##.........##
,,,*,,,*,,,,,#..8#,,*##..........
,,,*+***,,,,,#..D+,,,*##.........
,,,,,,,,,,,,,#.2T#,,,,*##........
,,,,,,,,,,,,,#.9Z#,,,***##.......
,,,,,,,,,,,,,#.TT#,,,*,,,+.....##
,,,,,****,,,,##)##,,,*,,,##....#,
,,,,,*,,+.....4C49Z..#,,,*##...#,
,,,,,*,,#.....9ZZT...#*****#...#,
,,,,,***#..............,,,*##..#*


You could see a bone dragon, an iron giant, 3 iron trolls, 2 reapers, 2 war
gargoyles, a rust devil and 2 four-headed hydra zombies.

Vanquished Creatures
  Antaeus (Coc:7)
  Asmodeus (Geh:7)
  10 ancient liches
  4 orbs of fire (Zot:5)
  Mara (Elf:3)
  Sojobo (Vaults:2)
  10 royal mummies (Tomb:1)
  26 shard shrikes
  2 Killer Klowns (Zot:5)
  Saint Roka (Vaults:2)
  Geryon (Hell)
  Frederick (Depths:1)
  Xtahua (Depths:5)
  3 curse toes
  15 golden dragons
  The ghost of Etiocw the Warrior, an adept DgCj (Depths:5)
  Nikola (Elf:3)
  10 bone dragons
  Arachne (Spider:1)
  22 Brimstone Fiends
  2 iron giants
  A Tzitzimitl (Dis:1)
  4 electric golems
  12 Ice Fiends
  3 hellephants
  18 liches
  17 Orb Guardians
  9 quicksilver dragons
  17 tentacled monstrosities
  4 Hell Sentinels
  A moon troll (WizLab)
  6 titans
  A deep elf blademaster (Elf:2)
  Asterion (Depths:1)
  3 deep elf master archers (Elf:3)
  38 tentacled starspawn
  8 sphinxes
  10 acid blobs
  10 death cobs
  9 ancient champions
  3 Executioners
  9 tengu reavers
  3 draconian monks
  22 storm dragons
  15 shadow dragons
  2 daevas (Abyss:1)
  Roxanne (Swamp:3)
  4 revenants
  12 fire giants
  3 azure jellies
  6 ghost moths
  4 iron dragons
  5 draconian scorchers
  7 draconian knights
  A ghost moth (shapeshifter) (Abyss:1)
  Aizul (Spider:1)
  12 frost giants
  11 deep elf sorcerers
  6 draconian stormcallers
  12 balrugs
  The ghost of Ychix the Thaumaturge, a journeyman GnSk of Makhleb (Swamp:1)
  Louise (Elf:1)
  3 ghouls
  15 vault wardens
  7 cacodemons
  7 draconian shifters
  4 emperor scorpions
  3 spriggan defenders
  2 angels (Abyss:2)
  A caustic shrike skeleton (Depths:3)
  16 ironheart preservers
  2 curse skulls (Crypt:1)
  10 draconian annihilators
  9 war gargoyles
  43 very ugly things
  23 reapers
  7 deep elf elementalists
  26 stone giants
  An ophan (Abyss:2)
  3 elemental wellsprings
  8 vampire knights
  11 deep elf demonologists
  4 bunyips
  19 deep elf annihilators
  An entropy weaver (Spider:1)
  11 black draconians
  A spark wasp (Spider:4)
  A dire elephant (Gauntlet)
  10 green draconians
  11 white draconians
  2 merfolk javelineers
  15 purple draconians
  14 ettins
  19 red draconians
  A minotaur (Gauntlet)
  6 blizzard demons
  2 lorocyprocas
  4 crystal guardians
  9 yellow draconians
  5 eleionomae
  5 mummy priests (Tomb:1)
  The ghost of Joir the Lord of Darkness, a journeyman FoCj of Kikubaaqudgha (Orc:1)
  A merfolk impaler (Depths:3)
  11 deep elf death magi
  6 eidola
  Josephine (D:12)
  7 death oozes
  5 deep elf high priests
  2 green deaths
  12 yaktaur captains
  11 jiangshi
  9 quicksilver dragon zombies
  2 shambling mangroves
  4 kraken zombies
  15 great orbs of eyes
  7 fire dragons
  17 boulder beetles
  Fannar (D:10)
  29 vault guards
  A naga warrior (Abyss:1)
  7 quicksilver dragon skeletons
  7 hydras
  5 rakshasas
  A hell beast (Depths:1)
  A catoblepas (Lair:2)
  20 ice dragons
  8 centaur warriors
  5 ghost crabs
  15 ogre magi
  3 death knights
  23 two-headed ogres
  30 dancing weapons
  9 alligators
  A two-headed ogre (shapeshifter) (Vaults:4)
  9 death yaks
  8 death scarabs
  42 hell hogs
  11 tengu warriors
  10 vampire magi
  6 deep troll shamans
  7 deep troll earth magi
  5 orc high priests
  Urug (D:13)
  20 thrashing horrors
  13 soul eaters
  5 spriggan berserkers
  5 spriggans
  5 storm dragon zombies
  9 titan zombies
  3 iron trolls
  25 wretched stars
  78 hell knights
  18 sun demons
  26 deep elf knights
  2 iron golems (Hell)
  A shadow wraith (Vaults:1)
  2 titan skeletons
  3 spatial maelstroms (Abyss:1)
  7 storm dragon skeletons
  A goliath frog (Swamp:3)
  5 ghost moth zombies
  9 sixfirhies
  A quicksilver dragon simulacrum (Coc:1)
  10 glowing orange brains
  20 anaconda zombies
  4 golden dragon zombies
  3 shadow demons
  25 deep trolls
  6 wizards
  62 skeletal warriors
  6 bog bodies
  10 flayed ghosts
  13 swamp dragons
  22 ironbrand convokers
  2 spriggan druids
  6 unseen horrors
  Pikel (D:7)
  An orange crystal statue (WizLab)
  An infernal demonspawn (Depths:3)
  31 necromancers
  6 harpies
  4 golden dragon skeletons
  2 harpies (shapeshifter)
  15 phantasmal warriors
  10 orc sorcerers
  7 lindwurms
  16 anaconda skeletons
  20 deep elf archers
  75 deep elf magi
  3 wolf spider zombies
  8 shadow dragon zombies
  19 orc knights
  5 cyclopes
  10 fire giant zombies
  4 shadow dragon skeletons
  5 frost giant zombies
  6 iron dragon zombies
  22 orb spiders
  32 wolf spiders
  14 moths of wrath
  A cyclops (shapeshifter) (Vaults:2)
  5 will-o-the-wisps
  2 sphinx skeletons
  21 ugly things
  8 stone giant zombies
  2 salamanders
  7 shining eyes
  67 slime creatures
  A salamander (shapeshifter) (Abyss:1)
  A faun (shapeshifter) (Depths:4)
  3 shock serpent zombies
  9 worldbinders
  7 black mambas
  8 dire elephant zombies
  10 frost giant skeletons
  Maurice (D:9)
  7 iron dragon skeletons
  2 guardian serpents
  A guardian serpent (shapeshifter) (D:15)
  23 smoke demons
  8 stone giant skeletons
  4 ice statues
  7 apocalypse crabs
  13 vault sentinels
  25 rust devils
  7 fire giant skeletons
  12 molten gargoyles
  15 cane toads
  2 gargoyles (D:15)
  5 elephants
  3 torpor snails
  A titan simulacrum (Depths:3)
  Maggie (D:7)
  2 storm dragon simulacra
  2 shock serpent skeletons
  3 emperor scorpion zombies
  Psyche (D:9)
  A cane toad (shapeshifter) (Vaults:5)
  A sea snake zombie (Crypt:1)
  2 dire elephant skeletons
  A rime drake (shapeshifter) (Vaults:4)
  23 hellions
  8 orange demons
  2 elf zombies
  6 efreet
  5 eyes of devastation (WizLab)
  7 rime drakes
  50 yaktaurs
  6 kobold demonologists
  9 demonic crawlers
  A catoblepas zombie (Coc:3)
  52 freezing wraiths
  25 tormentors
  An anaconda simulacrum (Hell)
  A ghost moth simulacrum (Coc:5)
  9 komodo dragons
  A sea snake skeleton (Crypt:1)
  10 hellwings
  9 ancient zymes
  3 catoblepas skeletons
  8 tengu conjurers
  21 hydra zombies
  6 trolls
  34 red devils
  8 tyrant leeches
  32 jumping spiders
  Grinder (D:3)
  50 ice devils
  A queen bee (shapeshifter) (Depths:2)
  2 meliai (Abyss:3)
  20 hornets
  2 harpy zombies
  7 hydra skeletons
  3 meliai (shapeshifter)
  8 guardian mummies (Tomb:1)
  A shadow dragon simulacrum (Abyss:1)
  A troll (shapeshifter) (Vaults:4)
  15 polar bears (IceCv)
  A merfolk (shapeshifter) (Elf:3)
  9 blink frogs
  2 boulder beetle zombies
  23 raiju
  3 alligator zombies
  6 ice dragon zombies
  11 ettin zombies
  5 fire dragon zombies
  2 harpy skeletons
  3 polar bears (shapeshifter)
  A spriggan zombie (Depths:3)
  A meliai zombie (D:14)
  3 alligator skeletons
  A snapping turtle (shapeshifter) (Depths:5)
  138 starcursed masses
  191 flying skulls
  16 ynoxinuls
  4 air elementals
  A spriggan simulacrum (Depths:1)
  46 redbacks
  A black mamba zombie (Abyss:1)
  21 shadows
  2 vampires
  7 ice dragon skeletons
  22 tarantellas
  10 wyverns
  7 ushabtiu (Tomb:1)
  2 humans (D:13)
  58 yaks
  A spectral komodo dragon (Gauntlet)
  22 fire elementals
  46 wraiths
  A tarantella (shapeshifter) (Depths:1)
  A basilisk (shapeshifter) (D:14)
  27 water elementals
  A yak (shapeshifter) (Abyss:1)
  10 fire dragon skeletons
  10 fire bats
  6 ettin skeletons
  15 chaos spawn
  17 neqoxecs
  17 golden eyes
  18 vampire mosquitoes
  3 basilisks
  2 black mamba skeletons
  A yaktaur simulacrum (Depths:1)
  A steam dragon (Lair:6)
  14 swamp worms
  A spatial vortex (Abyss:1)
  A naga (shapeshifter) (Abyss:1)
  9 wargs
  A soldier ant (shapeshifter) (Vaults:2)
  6 acid dragons
  10 cane toad zombies
  26 water moccasins
  2 spectral cane toads (Gauntlet)
  3 nagas (Abyss:1)
  6 soldier ants (D:6)
  A floating eye (Depths:5)
  2 hydra simulacra (Zot:3)
  61 large abominations
  52 hell hounds
  7 sky beasts
  4 cane toad skeletons
  11 swamp drakes
  A sky beast (shapeshifter) (Vaults:3)
  2 black bears
  2 swamp dragon zombies
  38 orc warriors
  16 ice beasts
  An ice beast (shapeshifter) (Abyss:1)
  10 snapping turtle zombies
  An ettin simulacrum (Coc:6)
  A fire dragon simulacrum (Crypt:2)
  9 eyes of draining
  An alligator simulacrum (Coc:6)
  16 necrophages
  A blink frog zombie (Crypt:1)
  A boggart (Vaults:1)
  7 phantoms
  23 centaurs
  46 ogres
  A swamp dragon skeleton (Crypt:2)
  31 wolves
  4 snapping turtle skeletons
  2 lemures (D:7)
  2 manticore skeletons (Geh:1)
  A big kobold (shapeshifter) (Abyss:1)
  5 big kobolds
  17 bullfrogs
  A gnoll sergeant (D:7)
  4 earth elementals
  2 cane toad simulacra (Crypt:1)
  A glowing shapeshifter simulacrum (Depths:1)
  A merfolk simulacrum (Crypt:2)
  An elf skeleton (Crypt:3)
  An ogre simulacrum (Vaults:1)
  2 palentonga skeletons (Crypt:2)
  2 yaktaur skeletons
  61 small abominations
  A wyvern skeleton (D:14)
  16 scorpions
  A water moccasin skeleton (D:6)
  A yak zombie (Crypt:2)
  3 troll zombies
  16 killer bees
  2 human simulacra
  2 howler monkeys
  A howler monkey (shapeshifter) (Abyss:1)
  55 wights
  5 electric eels
  18 crimson imps
  A basilisk zombie (Crypt:1)
  A bullfrog zombie (D:8)
  An elf simulacrum (Crypt:1)
  A jelly (shapeshifter) (Abyss:1)
  6 quasits
  7 human zombies
  7 centaur zombies
  4 jellies
  32 orc priests
  A bullfrog skeleton (D:4)
  4 hounds
  6 centaur skeletons
  A gnoll shaman (D:5)
  21 iron imps
  4 human skeletons
  9 iguanas
  An iguana (shapeshifter) (Abyss:1)
  26 orc wizards
  14 hell rats (Hell)
  23 worker ants
  A worker ant (shapeshifter) (Abyss:1)
  4 big kobold zombies
  A hound zombie (D:8)
  An ogre skeleton (Dis:4)
  27 mummies
  2 howler monkey zombies
  A howler monkey skeleton (D:8)
  5 worker ant zombies
  17 adders
  A gnoll (shapeshifter) (Abyss:1)
  14 gnolls
  An adder (shapeshifter) (Abyss:1)
  2 swamp drake zombies (Crypt:1)
  4 shadow imps (Abyss:1)
  A steam dragon skeleton (Crypt:1)
  A swamp drake skeleton (Crypt:2)
  49 white imps
  14 ufetubi
  An ooze (Sewer)
  An ooze (shapeshifter) (Abyss:1)
  An adder skeleton (D:6)
  A worm (shapeshifter) (Abyss:1)
  8 worms
  9 leopard geckos
  102 orcs
  3 ball pythons
  16 bats
  A bat skeleton (Crypt:2)
  15 giant cockroaches
  A giant cockroach (shapeshifter) (Abyss:1)
  2 gnoll zombies (Ossuary)
  6 goblins
  9 hobgoblins
  11 jackals
  8 quokkas
  A ball python (shapeshifter) (Abyss:1)
  4 frilled lizards
  2 goblin zombies (Ossuary)
  A jackal skeleton (D:7)
  13 kobolds
  2 kobold skeletons (Crypt:1)
  5 orc zombies
  A rat (shapeshifter) (Abyss:1)
  11 rats
  A crawling corpse (Depths:3)
  2 lurking horrors
  25 starspawn tentacles
  6 tentacles (Coc:5)
4673 creatures vanquished.

Vanquished Creatures (others)
  the Royal Jelly (Slime:5)
  3 ancient liches (Zot:5)
  A royal mummy (Tomb:1)
  A golden dragon (Zot:5)
  A tentacled monstrosity (Zot:5)
  8 Orb Guardians (Zot:5)
  8 acid blobs (Slime:5)
  A tentacled starspawn (Abyss:2)
  A death cob (Zot:5)
  An ancient champion (Tomb:1)
  7 azure jellies (Slime:5)
  A draconian knight (Zot:5)
  A ghost moth (Zot:4)
  A very ugly thing (Vaults:5)
  2 reapers (Hell)
  A draconian annihilator (Zot:2)
  3 elemental wellsprings
  2 war gargoyles (Hell)
  A lorocyproca (Hell)
  A blizzard demon (Coc:7)
  An eleionoma (Swamp:3)
  An ettin (Vaults:5)
  5 death oozes (Slime:5)
  A mummy priest (Tomb:1)
  A great orb of eyes (Slime:5)
  5 hell hogs
  A thrashing horror (Abyss:2)
  A sun demon (Hell)
  4 skeletal warriors (Hell)
  A shadow wraith (Abyss:1)
  2 necromancers
  2 ironbrand convokers (Vaults:5)
  A deep elf mage (Elf:1)
  2 orb spiders
  A moth of wrath (Zot:3)
  7 rust devils (Hell)
  A titan simulacrum (Hell)
  A yaktaur (Vaults:5)
  A guardian mummy (Tomb:1)
  3 ice devils
  3 red devils (Hell)
  3 bloated husks
  A tengu conjurer (Depths:3)
  A tyrant leech (Swamp:1)
  An ettin zombie (Hell)
  A polar bear (IceCv)
  2 slime creatures (Slime:5)
  An alligator zombie (Hell)
  A flying skull (Abyss:2)
  A large abomination (Abyss:2)
  An alligator skeleton (Geh:5)
  A fire dragon skeleton (Hell)
  A tarantella (Spider:4)
  A shadow (Geh:4)
  A merfolk zombie (Geh:6)
  4 hell hounds (Hell)
  A necrophage (Crypt:3)
  3 ogres
  A small abomination (Abyss:1)
  9 wights
  An orc priest (Vaults:3)
  A human skeleton (Coc:7)
  A white imp (Abyss:2)
  2 orcs (Vaults:3)
  17 demonic plants
  14 foxfires
  33 fungi
  3 lurking horrors
  95 plants
  124 starspawn tentacles
  16 tentacles
433 creatures vanquished.

Grand Total: 5106 creatures vanquished

Notes
Turn   | Place    | Note
-------+----------+-------------------------------------------
     0 | Abyss:1  | PentaManta the Troll Abyssal Knight began the quest for the
                  | Orb.
     0 | Abyss:1  | Reached XP level 1. HP: 22/22 MP: 1/1
    50 | Abyss:1  | Found a corrupted altar of Lugonu.
    78 | Abyss:2  | Got a scorched tower shield
   102 | Abyss:2  | Found a corrupted altar of Lugonu.
   104 | D:1      | Escaped the Abyss
   110 | D:1      | Identified the +2 tower shield "Kasch" {Harm *Corrode
                  | Str+3} (You found it on level 2 of the Abyss)
   169 | D:1      | You fall into a shaft and drop 1 floor!
   180 | D:2      | Found an opulent altar of Gozag.
   266 | D:2      | Reached XP level 2. HP: 26/29 MP: 2/2
   287 | D:1      | Reached skill level 3 in Unarmed Combat
   422 | D:1      | Reached ** piety under Lugonu
   899 | D:2      | Reached XP level 3. HP: 36/36 MP: 3/3
  1011 | D:2      | Reached skill level 4 in Unarmed Combat
  1069 | D:2      | Reached XP level 4. HP: 41/44 MP: 4/4
  1293 | D:3      | Found a shadowy altar of Dithmenos.
  1549 | D:3      | Reached *** piety under Lugonu
  1700 | D:3      | Reached skill level 5 in Unarmed Combat
  1987 | D:3      | Noticed Grinder
  2035 | D:3      | Killed Grinder
  2036 | D:3      | Reached XP level 5. HP: 35/53 MP: 4/6
  2036 | D:3      | Reached XP level 6. HP: 40/61 MP: 4/7
  2308 | D:4      | Reached XP level 7. HP: 67/67 MP: 8/8
  2937 | D:4      | Found the +3 crown of Dyrovepreva {rElec Int+2 SInv}
  3485 | D:5      | Entered Level 5 of the Dungeon
  3544 | D:5      | Found a sand-covered staircase.
  3576 | Ossuary  | Entered an ossuary
  3597 | Ossuary  | Reached **** piety under Lugonu
  3598 | Ossuary  | Reached skill level 5 in Invocations
  3704 | Ossuary  | Reached XP level 8. HP: 38/78 MP: 10/10
  4185 | Ossuary  | Got a twitching lead ring
  4192 | Ossuary  | Identified the ring "Vooklar" {Will+ EV+4} (You found it in
                  | an ossuary)
  4381 | D:5      | Found a white marble altar of Elyvilon.
  4552 | D:5      | Found a burning altar of Makhleb.
  4664 | D:6      | Found the +9 staff of Olgreb {rPois∞}
  4833 | D:6      | Reached skill level 5 in Fighting
  4874 | D:6      | Found a runed translucent gate.
  4874 | D:6      | Found a runed translucent gate.
  4879 | D:6      | Found a runed translucent gate.
  4923 | D:6      | Found a runed translucent door.
  4950 | D:6      | Found a runed translucent door.
  5040 | D:6      | Found a glowing drain.
  5047 | Sewer    | Entered a sewer
  5624 | D:6      | Reached ***** piety under Lugonu
  5625 | D:6      | Reached XP level 9. HP: 88/88 MP: 13/13
  5685 | D:6      | Found a staircase to the Ecumenical Temple.
  6005 | D:6      | Found a radiant altar of Vehumet.
  6607 | D:7      | Reached skill level 5 in Dodging
  6900 | D:7      | Found a snail-covered altar of Cheibriados.
  7394 | D:7      | Noticed Pikel
  7415 | D:7      | Killed Pikel
  7416 | D:7      | Reached skill level 6 in Unarmed Combat
  7451 | D:7      | Found a broken altar of Ashenzari.
  7453 | D:7      | Noticed Maggie
  7469 | D:7      | Killed Maggie
  7607 | D:7      | Reached XP level 10. HP: 98/98 MP: 15/15
  7665 | D:7      | Found the ring of the Tortoise {AC+8}
  7699 | D:7      | Reached skill level 7 in Unarmed Combat
  7721 | D:7      | Noticed a two-headed ogre
  7722 | D:7      | Noticed a two-headed ogre
  7722 | D:7      | Noticed a manticore
  7747 | D:7      | Killed a two-headed ogre
  7764 | D:7      | Banished a two-headed ogre
  7765 | D:7      | Reached skill level 8 in Unarmed Combat
  7772 | D:7      | Banished a manticore
  7910 | D:7      | Identified the Volume of Clay and the Birds
  8303 | D:8      | Found a one-way gate to the infinite horrors of the Abyss.
  8307 | D:8      | Found a corrupted altar of Lugonu.
  8648 | D:8      | Reached skill level 1 in Shields
  9377 | D:9      | Noticed Maurice
  9387 | D:9      | Killed Maurice
  9388 | D:9      | Reached skill level 9 in Unarmed Combat
  9399 | D:9      | Reached XP level 11. HP: 103/109 MP: 16/16
  9742 | D:9      | Found a staircase to the Lair.
  9742 | D:9      | Noticed a death yak
  9743 | D:9      | Noticed a death yak
  9743 | D:9      | Noticed a death yak
  9744 | D:9      | Noticed a death yak
  9744 | D:9      | Noticed a death yak
  9758 | D:9      | Banished a death yak
  9760 | D:9      | Banished a death yak
  9791 | D:10     | Entered Level 10 of the Dungeon
  9924 | D:10     | Killed a death yak
 10051 | D:10     | Killed a death yak
 10602 | D:10     | Noticed Fannar
 10772 | D:9      | Reached skill level 5 in Shields
 10783 | D:9      | Killed a death yak
 11009 | D:9      | Noticed Psyche
 11020 | D:9      | Killed Psyche
 11677 | Lair:1   | Entered Level 1 of the Lair of Beasts
 11791 | Lair:1   | Reached skill level 10 in Unarmed Combat
 11896 | Lair:1   | Reached XP level 12. HP: 116/119 MP: 17/17
 12169 | Lair:1   | Noticed a six-headed hydra
 12171 | Lair:1   | Banished a six-headed hydra
 12555 | Lair:2   | Noticed a catoblepas
 12559 | Lair:2   | Noticed a four-headed hydra
 12567 | Lair:2   | Banished a four-headed hydra
 12774 | Lair:2   | Killed a catoblepas
 13367 | Lair:2   | Noticed a fire dragon
 13398 | Lair:2   | Killed a fire dragon
 13793 | Lair:3   | Noticed an eight-headed hydra
 13794 | Lair:3   | Banished an eight-headed hydra
 13947 | Lair:3   | Found a hole to the Spider Nest.
 13993 | Lair:3   | Found a staircase to the Swamp.
 15582 | Lair:5   | Reached XP level 13. HP: 118/131 MP: 18/18
 15788 | Lair:5   | Got a translucent mace
 15789 | Lair:5   | Identified the +8 mace "Qutsos" {venom, rPois Str+5 SInv
                  | Stlth-} (You found it on level 5 of the Lair of Beasts)
 15989 | Lair:5   | Reached ****** piety under Lugonu
 16287 | Lair:5   | Reached skill level 10 in Fighting
 16394 | Lair:5   | Found a viscous altar of Jiyva.
 16394 | Lair:5   | Found a staircase to the Slime Pits.
 16709 | Lair:5   | Reached skill level 10 in Dodging
 16726 | Lair:5   | Identified the Grimoire of Ghastly Transmutation
 16768 | Lair:6   | Entered Level 6 of the Lair of Beasts
 17340 | Lair:6   | Noticed a fire dragon
 17629 | Lair:6   | Reached XP level 14. HP: 120/144 MP: 19/19
 18264 | Lair:6   | Reached skill level 1 in Armour
 19504 | D:10     | Killed Fannar
 20681 | D:11     | Found a staircase to the Orcish Mines.
 21018 | D:12     | Found the +3 giant club "Skullcrusher" {speed, Str+7}
 21036 | D:12     | Reached skill level 5 in Armour
 21132 | D:12     | Reached skill level 11 in Unarmed Combat
 21461 | D:12     | Noticed a fire giant
 21466 | D:12     | Noticed a storm dragon
 21470 | D:12     | Killed a fire giant
 21485 | D:12     | Killed a storm dragon
 21597 | D:12     | Got a brightly glowing war axe
 21846 | D:12     | Identified the +5 war axe of the Shore {vorpal, rN+} (You
                  | found it on level 12 of the Dungeon)
 21914 | D:13     | Noticed Josephine
 21926 | D:12     | Killed Josephine
 21940 | D:13     | Identified the cursed +1 chain mail of Sisefaa {rPois rF+
                  | Stlth+}
 22005 | D:13     | Noticed Urug
 22021 | D:13     | Killed Urug
 22028 | D:13     | Found a frozen archway.
 22043 | IceCv    | Entered an ice cave
 22434 | IceCv    | Reached XP level 15. HP: 127/154 MP: 20/20
 22831 | IceCv    | Noticed a frost giant
 22857 | IceCv    | Killed a frost giant
 23737 | D:13     | Reached skill level 12 in Unarmed Combat
 23899 | D:13     | Found a gate to the Vaults.
 25037 | D:15     | Entered Level 15 of the Dungeon
 25051 | D:15     | Identified a scroll of acquirement
 25052 | D:15     | Acquired a manual of Unarmed Combat
 25133 | D:15     | Found a staircase to the Depths.
 25138 | D:15     | Found a gate leading to a gauntlet.
 25148 | Gauntlet | Entered a Gauntlet
 25148 | Gauntlet | Found a transporter.
 25157 | Gauntlet | Found a transporter.
 25172 | Gauntlet | Found a transporter.
 25173 | Gauntlet | Found a transporter.
 25183 | Gauntlet | Found a transporter.
 25203 | Gauntlet | Found a transporter.
 25216 | Gauntlet | Found a transporter.
 25236 | Gauntlet | Found a transporter.
 25240 | Gauntlet | Found a transporter.
 25242 | Gauntlet | Found a runed translucent gate.
 25242 | Gauntlet | Found a runed translucent gate.
 25248 | Gauntlet | Found a transporter.
 25260 | Gauntlet | Found a runed translucent gate.
 25272 | Gauntlet | Found a transporter.
 25272 | Gauntlet | Found a transporter.
 25550 | Gauntlet | Reached skill level 10 in Armour
 25563 | Gauntlet | Reached skill level 13 in Unarmed Combat
 25701 | Gauntlet | Identified the +9 falchion "Mybugoot" {freeze, rElec Dex+4
                  | Stlth+}
 25715 | Gauntlet | Found the +8 lance "Wyrmbane" {slay drac, rPois rF+ rC+
                  | AC+3}
 25722 | Gauntlet | Identified Further Progress in Magic
 26092 | D:15     | Reached skill level 14 in Unarmed Combat
 26358 | D:15     | Found a portal to a secret trove of treasure.
 26402 | D:15     | Found Wovien's Antique Weapon Boutique.
 26449 | D:15     | Reached XP level 16. HP: 110/163 MP: 0/21
 26919 | Orc:1    | Entered Level 1 of the Orcish Mines
 27197 | Orc:1    | Noticed Joir's ghost (journeyman FoCj)
 27204 | Orc:1    | Found a transporter.
 27206 | Orc:1    | Found a transporter.
 27365 | Orc:1    | Killed Joir's ghost
 27439 | Orc:1    | Found Toaschue's Magic Scroll Shoppe.
 27449 | Orc:1    | Found a roughly hewn altar of Beogh.
 27638 | Orc:2    | Entered Level 2 of the Orcish Mines
 27705 | Orc:2    | Found Exafuef's Assorted Antiques.
 27729 | Orc:2    | Found a staircase to the Elven Halls.
 28368 | Orc:2    | Found Citysiol's Gadget Emporium.
 28538 | Orc:2    | Found Jiciyff's Weapon Boutique.
 28545 | Orc:2    | Found Oseunna's Weapon Boutique.
 28547 | Orc:2    | Found Muzaralautz's Distillery.
 28641 | Elf:1    | Entered Level 1 of the Elven Halls
 28662 | Orc:2    | Bought a runed copper amulet for 145 gold pieces
 28709 | Orc:2    | Bought a potion of heal wounds for 70 gold pieces
 28709 | Orc:2    | Bought a potion of heal wounds for 70 gold pieces
 28709 | Orc:2    | Bought a potion of heal wounds for 70 gold pieces
 28709 | Orc:2    | Bought a potion of heal wounds for 70 gold pieces
 28882 | Elf:1    | Noticed Louise
 28911 | Elf:1    | Killed Louise
 29156 | Elf:1    | Found Nuaj's Book Emporium.
 29169 | Elf:1    | Paralysed by an orc sorcerer for 5 turns
 29282 | Elf:1    | Found a transporter.
 29326 | Elf:1    | Found a shimmering blue altar of Sif Muna.
 29681 | Elf:1    | Found a transporter.
 30034 | Elf:2    | Reached skill level 15 in Unarmed Combat
 30053 | Elf:2    | Found a runed translucent gate.
 30083 | Elf:2    | Identified the +5 battleaxe of Kedij {venom, +Blink rC++
                  | SInv Stlth+}
 30251 | Elf:2    | Found Fihomon's Jewellery Shoppe.
 30582 | Elf:2    | Found a runed translucent gate.
 30582 | Elf:2    | Found a runed translucent gate.
 30707 | Elf:2    | Reached XP level 17. HP: 172/172 MP: 22/22
 30736 | Elf:2    | Noticed a deep elf blademaster
 30764 | Elf:2    | Killed a deep elf blademaster
 31257 | Elf:3    | Entered Level 3 of the Elven Halls
 31494 | Elf:3    | Noticed Nikola
 31510 | Elf:3    | Killed Nikola
 31698 | Elf:3    | Reached skill level 10 in Shields
 31723 | Elf:3    | Reached skill level 16 in Unarmed Combat
 31778 | Elf:3    | Identified the Papyrus of Battle Magic
 31891 | Elf:3    | Cast into level 3 of the Abyss (a deep elf sorcerer)
 31918 | Abyss:3  | Identified the Handbook of the Turtledove
 31954 | Elf:3    | Escaped the Abyss
 32142 | Elf:3    | Paralysed by an orc sorcerer for 5 turns
 32453 | Elf:3    | Cast into level 3 of the Abyss (a deep elf sorcerer)
 32466 | Abyss:3  | Identified the cursed +3 spear "Tiul Qurgh" {elec, rElec
                  | MP+9 Int+2 Dex+2} (You found it on level 3 of the Abyss)
 32605 | Elf:3    | Escaped the Abyss
 32702 | Elf:3    | Identified the +3 leather armour of the Fiddle {+Fly Str+7
                  | Dex-4 Stlth+}
 32826 | Elf:3    | Noticed a Hell Sentinel
 32828 | Elf:3    | Cast into level 2 of the Abyss (a deep elf demonologist)
 33121 | Abyss:2  | Noticed a bone dragon
 33163 | Abyss:2  | Found a broken altar of Ashenzari.
 33384 | Elf:3    | Escaped the Abyss
 33508 | Elf:3    | Noticed a deep elf master archer
 33518 | Elf:3    | Noticed Mara
 33542 | Elf:3    | Noticed PentaManta's illusion
 33688 | Elf:3    | Killed a deep elf master archer
 33694 | Elf:3    | Reached XP level 18. HP: 130/184 MP: 23/23
 33753 | Elf:3    | Noticed PentaManta's illusion
 33759 | Elf:3    | Killed Mara
 33878 | Elf:3    | Reached skill level 17 in Unarmed Combat
 34002 | Elf:3    | Cast into level 2 of the Abyss (a deep elf sorcerer)
 34079 | Abyss:2  | Paralysed by accursed screaming for 2 turns
 34181 | Abyss:2  | Noticed a bone dragon
 34190 | Abyss:2  | Killed a bone dragon
 34302 | Abyss:2  | Noticed a bone dragon
 34325 | Abyss:2  | Killed a bone dragon
 34329 | Elf:3    | Escaped the Abyss
 34348 | Elf:3    | Cast into level 3 of the Abyss (a deep elf sorcerer)
 34395 | Abyss:3  | Paralysed by accursed screaming for 2 turns
 34409 | Abyss:3  | Noticed a bone dragon
 34410 | Elf:3    | Escaped the Abyss
 34591 | Elf:3    | Identified the +0 robe of the Spider Nest {Harm *Corrode
                  | Int+6 Stlth+}
 35226 | Elf:3    | Identified the amulet "Hoezauff" {RegenMP rF+}
 35552 | Elf:3    | Identified the ring of Fun {+Fly rElec Str+5}
 35707 | Elf:3    | Identified the Incunabulum of Glacial Conjuration
 36137 | Spider:1 | Entered Level 1 of the Spider Nest
 36201 | Spider:1 | Noticed Aizul
 36214 | Spider:1 | Killed Aizul
 36841 | Spider:2 | Noticed Arachne
 36879 | Spider:1 | Killed Arachne
 36880 | Spider:1 | Reached XP level 19. HP: 37/195 MP: 24/24
 37851 | Spider:2 | Reached skill level 18 in Unarmed Combat
 39179 | Spider:4 | Entered Level 4 of the Spider Nest
 40086 | Spider:4 | Got a gossamer rune of Zot
 40233 | Swamp:1  | Entered Level 1 of the Swamp
 40528 | Swamp:1  | Found a runed translucent door.
 40531 | Swamp:1  | Noticed Ychix's ghost (journeyman GnSk)
 41041 | Swamp:1  | Killed Ychix's ghost
 41042 | Swamp:1  | Reached skill level 10 in Invocations
 41069 | Swamp:1  | Got a vibrating bone ring
 41074 | Swamp:1  | Identified the ring of Osche {*Tele rF+} (You found it on
                  | level 1 of the Swamp)
 41821 | Swamp:3  | Reached XP level 20. HP: 198/204 MP: 26/26
 42129 | Swamp:3  | Identified Roxanne's Volume of the Mountains
 42129 | Swamp:3  | Noticed Roxanne
 42143 | Swamp:3  | Killed Roxanne
 42380 | Swamp:4  | Entered Level 4 of the Swamp
 43077 | Swamp:4  | Got a decaying rune of Zot
 43548 | Temple   | Entered the Ecumenical Temple
 43934 | Orc:1    | Bought 2 scrolls of teleportation for 72 gold pieces
 43934 | Orc:1    | Bought a scroll of blinking for 90 gold pieces
 43934 | Orc:1    | Bought a scroll of blinking for 90 gold pieces
 43934 | Orc:1    | Bought a scroll of acquirement for 624 gold pieces
 43934 | Orc:1    | Bought a scroll of teleportation for 36 gold pieces
 43934 | Orc:1    | Bought a scroll of enchant armour for 90 gold pieces
 43934 | Orc:1    | Bought a scroll of enchant armour for 90 gold pieces
 43964 | Orc:2    | Bought a potion of curing for 42 gold pieces
 43964 | Orc:2    | Bought a potion of invisibility for 112 gold pieces
 43964 | Orc:2    | Bought a potion of cancellation for 112 gold pieces
 43964 | Orc:2    | Bought a potion of resistance for 140 gold pieces
 43964 | Orc:2    | Bought a potion of haste for 140 gold pieces
 43997 | Orc:2    | Bought a scroll of teleportation for 87 gold pieces
 43997 | Orc:2    | Bought a potion of berserk rage for 145 gold pieces
 43997 | Orc:2    | Bought a scroll of magic mapping for 101 gold pieces
 44030 | Orc:2    | Bought a wand of digging (6) for 280 gold pieces
 44095 | Elf:2    | Bought the ring "Wuciuss" {rPois rF+ rN+ Str+2} for 720
                  | gold pieces
 44101 | Elf:2    | Bought the ring of Fedhas's Vengeance {Will+ AC+4} for 826
                  | gold pieces
 44285 | D:15     | You paid a toll of 2 scrolls of acquirement to enter a
                  | treasure trove
 44286 | Trove    | Entered a treasure trove
 44302 | Trove    | Got a clouded lapis lazuli ring
 44328 | D:15     | Identified the ring "Amaghu Rari" {rF- rC+ Will+ AC+4 SInv}
                  | (You found it in a treasure trove)
 44550 | Elf:1    | Gained mutation: Your spells are a little easier to cast,
                  | but a little less powerful. [a cacodemon]
 44617 | Elf:1    | Got a twitching brass ring
 44627 | Elf:1    | Got a vibrating copper ring
 44633 | Elf:1    | Got a transparent pewter ring
 44637 | Elf:1    | Identified the ring of Qoepn {Fire *Contam rN+ SInv} (You
                  | found it on level 1 of the Elven Halls)
 44638 | Elf:1    | Identified the ring "Jiennuk" {rPois rC- rN+ Str+3} (You
                  | found it on level 1 of the Elven Halls)
 44639 | Elf:1    | Identified the cursed ring "Beurez" {rElec rPois rN+ Dex-4
                  | SInv} (You found it on level 1 of the Elven Halls)
 45000 | Slime:1  | Entered Level 1 of the Pits of Slime
 45014 | Slime:1  | Gained mutation: Your body sometimes deteriorates upon
                  | taking damage. [a shining eye]
 45041 | Slime:1  | Gained mutation: You are dopey. (Int -2) [a shining eye]
 45287 | Slime:1  | Gained mutation: You are clumsy. (Dex -2) [a shining eye]
 45289 | Slime:1  | Gained mutation: You tend to lose your temper in combat. [a
                  | shining eye]
 45460 | Slime:3  | Gained mutation: Your flesh is cold resistant. (rC+) [a
                  | shining eye]
 45480 | Slime:2  | Reached skill level 15 in Shields
 45499 | Slime:2  | Reached XP level 21. HP: 188/211 MP: 13/28
 45516 | Slime:3  | Gained mutation: Your magical capacity is low. (-10% MP) [a
                  | shining eye]
 45684 | Slime:5  | Entered Level 5 of the Pits of Slime
 45871 | Slime:5  | Gained mutation: Your magical capacity is very low. (-20%
                  | MP) [a shining eye]
 46046 | Slime:5  | Gained mutation: Your body often deteriorates upon taking
                  | damage. [a shining eye]
 46055 | Slime:5  | Noticed the Royal Jelly
 46073 | Slime:4  | Gained mutation: You are weak. (Str -2) [a shining eye]
 46077 | Slime:5  | Corrupted Slime:5
 46104 | Slime:5  | Killed the Royal Jelly
 46144 | Slime:5  | Found the ring of Shadows {Umbra +Inv Stlth+}
 46150 | Slime:5  | Identified the Reference Book on Igneous Poison
 46160 | Slime:5  | Got a slimy rune of Zot
 46259 | Slime:5  | Identified the Reference Book on the Damaging Traveller
 46463 | Lair:5   | Lost mutation: You are dopey. (Int -2) [potion of mutation]
 46463 | Lair:5   | Lost mutation: You are clumsy. (Dex -2) [potion of
                  | mutation]
 46463 | Lair:5   | Gained mutation: Potions are less effective at restoring
                  | your health. [potion of mutation]
 46463 | Lair:5   | Gained mutation: You passively map a small area around you.
                  | [potion of mutation]
 46463 | Lair:5   | Gained mutation: You expend magic power (3 MP) to
                  | strengthen your wands. [potion of mutation]
 46464 | Lair:5   | Lost mutation: You are weak. (Str -2) [potion of mutation]
 46464 | Lair:5   | Lost mutation: Your spells are a little easier to cast, but
                  | a little less powerful. [potion of mutation]
 46464 | Lair:5   | Lost mutation: Your body often deteriorates upon taking
                  | damage. [potion of mutation]
 46464 | Lair:5   | Gained mutation: Your spells are a little easier to cast,
                  | but a little less powerful. [potion of mutation]
 46464 | Lair:5   | Gained mutation: You are partially covered in icy blue
                  | scales. (AC +2) [potion of mutation]
 46470 | Lair:5   | Lost mutation: You expend magic power (3 MP) to strengthen
                  | your wands. [potion of mutation]
 46470 | Lair:5   | Lost mutation: Your magical capacity is very low. (-20% MP)
                  | [potion of mutation]
 46470 | Lair:5   | Lost mutation: Your magical capacity is low. (-10% MP)
                  | [potion of mutation]
 46470 | Lair:5   | Gained mutation: You evolve. [potion of mutation]
 46470 | Lair:5   | Gained mutation: Your flesh is very cold resistant. (rC++)
                  | [potion of mutation]
 46471 | Lair:5   | Lost mutation: Your body sometimes deteriorates upon taking
                  | damage. [potion of mutation]
 46471 | Lair:5   | Lost mutation: You evolve. [potion of mutation]
 46471 | Lair:5   | Gained mutation: Potions are poor at restoring your health.
                  | [potion of mutation]
 46471 | Lair:5   | Gained mutation: You passively map the area around you.
                  | [potion of mutation]
 46472 | Lair:5   | Lost mutation: Your spells are a little easier to cast, but
                  | a little less powerful. [potion of mutation]
 46472 | Lair:5   | Lost mutation: Potions are poor at restoring your health.
                  | [potion of mutation]
 46472 | Lair:5   | Lost mutation: You tend to lose your temper in combat.
                  | [potion of mutation]
 46472 | Lair:5   | Gained mutation: Your flesh is heat resistant. (rF+)
                  | [potion of mutation]
 46472 | Lair:5   | Gained mutation: Your mind is acute. (Int +2) [potion of
                  | mutation]
 46473 | Lair:5   | Lost mutation: You passively map the area around you.
                  | [potion of mutation]
 46473 | Lair:5   | Lost mutation: Your flesh is heat resistant. (rF+) [potion
                  | of mutation]
 46473 | Lair:5   | Lost mutation: Potions are less effective at restoring your
                  | health. [potion of mutation]
 46473 | Lair:5   | Lost mutation: Your flesh is very cold resistant. (rC++)
                  | [potion of mutation]
 46473 | Lair:5   | Gained mutation: You have a beak for a mouth. [potion of
                  | mutation]
 46473 | Lair:5   | Gained mutation: You are strong-willed. (Will+) [potion of
                  | mutation]
 46661 | Vaults:1 | Entered Level 1 of the Vaults
 46941 | Vaults:1 | Reached XP level 22. HP: 221/221 MP: 30/30
 47992 | Vaults:2 | Found a staircase to the Crypt.
 48117 | Vaults:2 | Noticed Saint Roka
 48147 | Vaults:2 | Gained mutation: You are highly strong-willed. (Will++) [a
                  | cacodemon]
 48327 | Vaults:2 | Gained mutation: You are weak. (Str -2) [a neqoxec]
 48332 | Vaults:2 | Gained mutation: Your magical capacity is low. (-10% MP) [a
                  | neqoxec]
 48381 | Vaults:2 | Killed Saint Roka
 48382 | Vaults:2 | Reached skill level 19 in Unarmed Combat
 49088 | Vaults:2 | Found Qeekhleo's General Store.
 49096 | Vaults:2 | Bought a potion of curing for 60 gold pieces
 49281 | Vaults:2 | Noticed Sojobo
 49311 | Vaults:2 | Killed Sojobo
 49784 | Vaults:3 | Found Ketaunor's Book Emporium.
 49859 | Vaults:3 | Found a magical portal.
 49868 | WizLab   | Entered Lehudib's Moon Base
 49924 | WizLab   | Found a transporter.
 49973 | WizLab   | Paralysed by accursed screaming for 1 turns
 50197 | WizLab   | Gained mutation: Your spells are a little easier to cast,
                  | but a little less powerful. [a neqoxec]
 50521 | WizLab   | Identified the cursed ring of the Priest {MP+9 EV-4 Dex+6
                  | Stlth-} (You found it in a wizard's laboratory)
 50548 | WizLab   | Gained mutation: You are occasionally teleported next to
                  | monsters. [a neqoxec]
 50588 | WizLab   | Lost mutation: Your flesh is cold resistant. (rC+) [potion
                  | of mutation]
 50588 | WizLab   | Lost mutation: You are weak. (Str -2) [potion of mutation]
 50588 | WizLab   | Lost mutation: You are highly strong-willed. (Will++)
                  | [potion of mutation]
 50588 | WizLab   | Gained mutation: Scrolls take you a little longer to read.
                  | [potion of mutation]
 50589 | WizLab   | Lost mutation: Your mind is acute. (Int +2) [potion of
                  | mutation]
 50589 | WizLab   | Lost mutation: Scrolls take you a little longer to read.
                  | [potion of mutation]
 50589 | WizLab   | Lost mutation: Your magical capacity is low. (-10% MP)
                  | [potion of mutation]
 50589 | WizLab   | Gained mutation: You are partially covered in rugged brown
                  | scales. (AC +1, +3% HP) [potion of mutation]
 50589 | WizLab   | Gained mutation: You are highly strong-willed. (Will++)
                  | [potion of mutation]
 50590 | WizLab   | Lost mutation: Your spells are a little easier to cast, but
                  | a little less powerful. [potion of mutation]
 50590 | WizLab   | Lost mutation: You passively map a small area around you.
                  | [potion of mutation]
 50590 | WizLab   | Lost mutation: You are partially covered in icy blue
                  | scales. (AC +2) [potion of mutation]
 50590 | WizLab   | Gained mutation: You tend to lose your temper in combat.
                  | [potion of mutation]
 50590 | WizLab   | Gained mutation: You are partially covered in icy blue
                  | scales. (AC +2) [potion of mutation]
 50590 | WizLab   | Gained mutation: You are partially covered in yellow
                  | scales. (AC +2) [potion of mutation]
 50609 | WizLab   | Reached XP level 23. HP: 206/237 MP: 31/31
 50974 | WizLab   | Found a transporter.
 51094 | WizLab   | Identified Lehudib's Disquisition on Damaging Clay
 51249 | Vaults:3 | You fall into a shaft and drop 1 floor!
 52600 | Vaults:5 | Entered Level 5 of the Vaults
 52601 | Vaults:5 | Corrupted Vaults:5
 52740 | Vaults:5 | Cast into level 3 of the Abyss (vault warden)
 52986 | Abyss:3  | Got an abyssal rune of Zot
 52987 | Vaults:5 | Escaped the Abyss
 53001 | Vaults:5 | Reached skill level 20 in Unarmed Combat
 53008 | Vaults:5 | Identified the +8 dagger "Gosoh" {elec, rC+}
 53052 | Vaults:5 | Reached skill level 15 in Fighting
 53139 | Vaults:5 | Reached XP level 24. HP: 84/251 MP: 31/31
 53145 | Vaults:5 | Reached skill level 15 in Dodging
 53202 | Vaults:5 | Reached skill level 15 in Armour
 53710 | Vaults:5 | Identified the amulet of Hufim {RegenMP rN+}
 53767 | Vaults:5 | Identified Sif Muna's Guide on Earth and the Volcanoes
 53913 | Vaults:5 | Identified Sif Muna's Casting 101
 53953 | Vaults:5 | Identified the ring of Gustiudgh {MP+9 Dex+6}
 54700 | Vaults:5 | Found Zusmugge's Book Shoppe.
 54900 | Vaults:5 | Got a silver rune of Zot
 56107 | Vaults:3 | You fall into a shaft and drop 1 floor!
 56534 | Depths:1 | Entered Level 1 of the Depths
 56570 | Depths:1 | Found a gateway to Hell.
 56604 | Depths:1 | Identified the +4 kite shield "Faggaxeo" {Dex+7}
 56604 | Depths:1 | Noticed Asterion
 56628 | Depths:1 | Killed Asterion
 56642 | Depths:1 | Noticed Frederick
 56838 | Depths:1 | Killed Frederick
 56887 | Depths:1 | Reached skill level 1 in Throwing
 56887 | Depths:1 | Found a flickering gateway to a bazaar.
 56959 | Bazaar   | Entered a bazaar
 56997 | Bazaar   | Found Tanoeb's Assorted Antiques.
 57007 | Bazaar   | Found Jolal's Jewellery Shoppe.
 57045 | Bazaar   | Found Upsot's Antique Weapon Shop.
 57048 | Bazaar   | Found Wawuxtas's Antique Weapon Shoppe.
 57190 | Depths:1 | Reached XP level 25. HP: 263/263 MP: 31/31
 57922 | Depths:2 | Identified Riahekk's Compendium of the Birds and Attacks
 58074 | Depths:2 | Reached skill level 5 in Throwing
 58492 | Depths:2 | Found Nayhius's Gadget Emporium.
 58492 | Depths:2 | Found Direled's Jewellery Boutique.
 58501 | Depths:2 | Found Fogicvucs's Gadget Emporium.
 58512 | Depths:2 | Bought the ring "Xutzat" {rF+ Will+ Str+6} for 1483 gold
                  | pieces
 58515 | Depths:2 | Bought the ring "Meofrimm" {+Inv +Fly Int+3} for 718 gold
                  | pieces
 59238 | Depths:3 | Found a gateway to a ziggurat.
 59753 | Depths:3 | Reached skill level 10 in Throwing
 60148 | Depths:3 | Found a one-way gate leading to the halls of Pandemonium.
 60438 | Depths:4 | Reached skill level 21 in Unarmed Combat
 60671 | Depths:4 | Reached XP level 26. HP: 272/272 MP: 33/33
 60689 | Depths:4 | Reached skill level 15 in Invocations
 61335 | Depths:5 | Entered Level 5 of the Depths
 61369 | Depths:5 | Gained mutation: Your spells are a little harder to cast,
                  | but a little more powerful. [a shining eye]
 61372 | Depths:5 | Gained mutation: You are dopey. (Int -2) [a shining eye]
 61516 | Depths:5 | Reached skill level 1 in Spellcasting
 61869 | Depths:5 | Found a gate to the Realm of Zot.
 62115 | Depths:5 | Found Miupn's Book Shop.
 62123 | Depths:5 | Found Zyblorgh's Weapon Shop.
 62247 | Depths:5 | Noticed Xtahua
 62255 | Depths:5 | Killed Xtahua
 62374 | Depths:5 | Found a runed translucent gate.
 62374 | Depths:5 | Found a runed translucent gate.
 62374 | Depths:5 | Found a runed translucent gate.
 62375 | Depths:5 | Noticed Etiocw's ghost (adept DgCj)
 62391 | Depths:5 | Reached skill level 5 in Spellcasting
 62412 | Depths:5 | Killed Etiocw's ghost
 62450 | Depths:5 | Got a glittering wooden ring
 62457 | Depths:5 | Identified the ring of Loehoopt {rPois MP+9 Dex-2 Slay+3
                  | SInv} (You found it on level 5 of the Depths)
 62876 | Zot:1    | Entered Level 1 of the Realm of Zot
 63000 | Abyss:1  | Paralysed by accursed screaming for 1 turns
 63268 | Abyss:1  | HP: 12/272 [daeva/divine providence (13)]
 63281 | Abyss:1  | HP: 9/272 [daeva/divine providence (15)]
 63290 | Abyss:1  | HP: 10/408 [daeva/divine providence (12)]
 63534 | Abyss:1  | Found a sparkling altar of Nemelex Xobeh.
 63605 | Abyss:1  | Found a corrupted altar of Lugonu.
 63812 | Zot:1    | Escaped the Abyss
 65141 | Vaults:3 | Bought a Necronomicon for 1545 gold pieces
 65150 | Vaults:3 | Learned a level 8 spell: Necromutation
 65535 | Zot:2    | Reached XP level 27. HP: 229/283 MP: 34/34
 65540 | Zot:2    | Reached skill level 1 in Necromancy
 65540 | Zot:2    | Reached skill level 1 in Transmutations
 65710 | Abyss:2  | Found a corrupted altar of Lugonu.
 65710 | Abyss:2  | Found a corrupted altar of Lugonu.
 65845 | Abyss:2  | Found a shimmering altar of Xom.
 65845 | Abyss:2  | Found a shimmering altar of Xom.
 65846 | Abyss:2  | Found a shimmering altar of Xom.
 65849 | Abyss:2  | Found a shimmering altar of Xom.
 65849 | Abyss:2  | Found a shimmering altar of Xom.
 65849 | Abyss:2  | Found a shimmering altar of Xom.
 65850 | Abyss:2  | Found a corrupted altar of Lugonu.
 65851 | Abyss:2  | Found a shimmering altar of Xom.
 65852 | Abyss:2  | Found a shimmering altar of Xom.
 65852 | Abyss:2  | Found a shimmering altar of Xom.
 65852 | Abyss:2  | Found a shimmering altar of Xom.
 65863 | Abyss:2  | Found a shimmering altar of Xom.
 65966 | Abyss:2  | Reached skill level 22 in Unarmed Combat
 66114 | Abyss:2  | Gained mutation: You occasionally shout uncontrollably at
                  | your foes. [a neqoxec]
 66518 | Abyss:2  | Paralysed by accursed screaming for 1 turns
 66691 | Abyss:2  | Found a corrupted altar of Lugonu.
 66761 | Zot:2    | Escaped the Abyss
 66768 | Zot:2    | Reached skill level 5 in Necromancy
 66812 | Zot:2    | Reached skill level 5 in Transmutations
 67400 | Zot:2    | You fall into a shaft and drop 2 floors!
 68323 | Zot:3    | Learned a level 6 spell: Statue Form
 68525 | Zot:3    | Reached skill level 1 in Earth Magic
 69115 | Zot:3    | Learned a level 4 spell: Dispel Undead
 69898 | Zot:4    | Found a transporter.
 70026 | Zot:4    | Found the +0 mask of the Dragon {Will+ Slay+3 SInv}
 70238 | Zot:4    | Reached skill level 5 in Earth Magic
 70760 | Zot:4    | Found a transporter.
 71465 | Zot:5    | Entered Level 5 of the Realm of Zot
 72386 | Zot:5    | Noticed an ancient lich
 72386 | Zot:5    | Noticed an ancient lich
 72386 | Zot:5    | Noticed an ancient lich
 72386 | Zot:5    | Noticed an ancient lich
 72387 | Zot:5    | Noticed an orb of fire
 72387 | Zot:5    | Corrupted Zot:5
 72387 | Zot:5    | Noticed an orb of fire
 72390 | Zot:5    | Noticed an ancient lich
 72391 | Zot:5    | Killed an ancient lich
 72400 | Zot:5    | Killed an ancient lich
 72683 | Zot:5    | Killed an ancient lich
 72750 | Zot:5    | Noticed an ancient lich
 72757 | Zot:5    | Killed an ancient lich
 72782 | Zot:5    | Noticed an ancient lich
 72830 | Zot:5    | Noticed an ancient lich
 72831 | Zot:5    | Noticed an ancient lich
 72838 | Zot:5    | Noticed an ancient lich
 72840 | Zot:5    | Killed an ancient lich
 72841 | Zot:5    | Reached skill level 10 in Transmutations
 72848 | Zot:5    | Killed an ancient lich
 72864 | Zot:5    | Killed an ancient lich
 72865 | Zot:5    | Reached skill level 10 in Earth Magic
 72880 | Zot:5    | Killed an ancient lich
 73135 | Zot:5    | Noticed an orb of fire
 73148 | Zot:5    | Killed an orb of fire
 73236 | Zot:5    | Killed an ancient lich
 73237 | Zot:5    | Reached skill level 10 in Spellcasting
 73255 | Zot:5    | Gained mutation: Your magical capacity is low. (-10% MP)
                  | [an orb of fire]
 73261 | Zot:5    | Gained mutation: You sometimes yell uncontrollably at your
                  | foes. [an orb of fire]
 73262 | Zot:5    | Gained mutation: Your magical capacity is very low. (-20%
                  | MP) [an orb of fire]
 73267 | Zot:5    | Gained mutation: Potions are less effective at restoring
                  | your health. [an orb of fire]
 73270 | Zot:5    | Killed an orb of fire
 73453 | Zot:5    | Noticed an orb of fire
 73470 | Zot:5    | Gained mutation: You are very dopey. (Int -4) [an orb of
                  | fire]
 73475 | Zot:5    | Killed an orb of fire
 73482 | Zot:5    | Gained mutation: You are clumsy. (Dex -2) [an orb of fire]
 73483 | Zot:5    | Killed an orb of fire
 73491 | Zot:5    | Killed an ancient lich
 73554 | Zot:5    | Killed an ancient lich
 74006 | Crypt:1  | Entered Level 1 of the Crypt
 74010 | Crypt:1  | Learned a level 2 spell: Swiftness
 74014 | Crypt:1  | Learned a level 3 spell: Confusing Touch
 74017 | Crypt:1  | Learned a level 2 spell: Wereblood
 74466 | Crypt:1  | Acquired the Catalogue of Damaging Clay
 75851 | Crypt:3  | Entered Level 3 of the Crypt
 76118 | Crypt:3  | Found an ancient bone altar of Kikubaaqudgha.
 76118 | Crypt:3  | Noticed an ancient lich
 76128 | Crypt:3  | Killed an ancient lich
 76195 | Crypt:3  | Got a faintly glowing turquoise ring
 76203 | Crypt:3  | Identified the ring of Witax {+Blink rPois rC+ MP-9 Int+2}
                  | (You found it on level 3 of the Crypt)
 76206 | Crypt:3  | Got a twitching lead ring
 76208 | Crypt:3  | Identified the ring "Horphel" {rF++ rN+ Int+4} (You found
                  | it on level 3 of the Crypt)
 76210 | Crypt:3  | Identified the ring "Alaulime" {rPois rN+} (You found it on
                  | level 3 of the Crypt)
 76332 | Crypt:3  | Found a staircase to the Tomb.
 76748 | Crypt:3  | Identified Borgnjor's Guide on Black Magic
 76888 | Crypt:3  | Acquired the amulet of Tetzog {Acrobat rElec rN+ Dex+4}
 76894 | Crypt:3  | Acquired a book of the Tempests
 76988 | Tomb:1   | Entered Level 1 of the Tomb of the Ancients
 77128 | Tomb:1   | Reached skill level 23 in Unarmed Combat
 77208 | Tomb:1   | Corrupted Tomb:1
 77210 | Tomb:1   | Noticed a royal mummy
 77216 | Tomb:1   | Killed a royal mummy
 77219 | Tomb:1   | Noticed a royal mummy
 77221 | Tomb:1   | Killed a royal mummy
 77222 | Tomb:1   | Noticed a royal mummy
 77236 | Tomb:1   | Noticed a royal mummy
 77245 | Tomb:1   | Noticed a royal mummy
 77257 | Tomb:1   | Killed a royal mummy
 77263 | Tomb:1   | Killed a royal mummy
 77264 | Tomb:1   | Killed a royal mummy
 77476 | Tomb:1   | Noticed a royal mummy
 77489 | Tomb:1   | Killed a royal mummy
 77510 | Tomb:1   | Noticed a royal mummy
 77513 | Tomb:1   | Noticed a royal mummy
 77520 | Tomb:1   | Killed a royal mummy
 77536 | Tomb:1   | Killed a royal mummy
 77694 | Tomb:1   | Reached skill level 24 in Unarmed Combat
 77868 | Tomb:1   | Gained mutation: Your body sometimes deteriorates upon
                  | taking damage. [mutagenic glow]
 77876 | Tomb:1   | Gained mutation: Your magical capacity is extremely low.
                  | (-30% MP) [mutagenic glow]
 77910 | Tomb:1   | Noticed a royal mummy
 77921 | Tomb:1   | Killed a royal mummy
 78118 | Tomb:1   | Noticed a royal mummy
 78133 | Tomb:1   | Killed a royal mummy
 78175 | Tomb:1   | Noticed a royal mummy
 78190 | Tomb:1   | Killed a royal mummy
 78765 | Hell     | Entered the Vestibule of Hell
 78765 | Hell     | Noticed Geryon
 78788 | Hell     | Corrupted Hell
 78829 | Hell     | Killed Geryon
 78893 | Hell     | Reached skill level 25 in Unarmed Combat
 78905 | Hell     | HP: 13/283 [reaper/+0 vorpal scythe (9)]
 79071 | Hell     | Found a gateway to the freezing wastes of Cocytus.
 79211 | Hell     | Found a gateway to the Iron City of Dis.
 79487 | Hell     | Found a gateway to the decaying netherworld of Tartarus.
 79732 | Hell     | Found a gateway to the ashen valley of Gehenna.
 79841 | Geh:1    | Entered Level 1 of Gehenna
 80085 | Geh:1    | Reached skill level 26 in Unarmed Combat
 82389 | Geh:7    | Entered Level 7 of Gehenna
 82430 | Geh:7    | Reached skill level 15 in Earth Magic
 83901 | Abyss:1  | Gained mutation: You are frail. (-10% HP) [a cacodemon]
 83910 | Abyss:1  | Lost mutation: Your spells are a little harder to cast, but
                  | a little more powerful. [a cacodemon]
 83949 | Abyss:1  | Noticed an ancient lich
 83965 | Abyss:1  | Killed an ancient lich
 83999 | Geh:7    | Escaped the Abyss
 84009 | Geh:7    | Reached skill level 27 in Unarmed Combat
 84164 | Geh:7    | Found the +7 sceptre of Asmodeus
 84164 | Geh:7    | Noticed Asmodeus
 84182 | Geh:7    | Killed Asmodeus
 84216 | Geh:7    | Got an obsidian rune of Zot
 84222 | Geh:7    | Got a flickering amber ring
 84252 | Geh:7    | Identified the ring of the Ten Orbs {rC+ rCorr} (You found
                  | it on level 7 of Gehenna)
 84591 | Coc:1    | Entered Level 1 of Cocytus
 85291 | Coc:1    | Reached skill level 10 in Necromancy
 85875 | Coc:2    | Reached skill level 15 in Throwing
 86344 | Abyss:1  | Found a corrupted altar of Lugonu.
 86560 | Coc:5    | Escaped the Abyss
 86674 | Coc:5    | HP: 9/340 [shard shrike/shard of ice (36)]
 86674 | Coc:5    | HP: 4/340 [six-headed hydra zombie (2)]
 86960 | Coc:5    | Escaped the Abyss
 86965 | Abyss:1  | Found a corrupted altar of Lugonu.
 87231 | Abyss:1  | Lost mutation: You are very dopey. (Int -4) [potion of
                  | mutation]
 87231 | Abyss:1  | Lost mutation: Your magical capacity is extremely low.
                  | (-30% MP) [potion of mutation]
 87231 | Abyss:1  | Lost mutation: You sometimes yell uncontrollably at your
                  | foes. [potion of mutation]
 87231 | Abyss:1  | Lost mutation: Your magical capacity is very low. (-20% MP)
                  | [potion of mutation]
 87231 | Abyss:1  | Lost mutation: You occasionally shout uncontrollably at
                  | your foes. [potion of mutation]
 87231 | Abyss:1  | Lost mutation: You are dopey. (Int -2) [potion of mutation]
 87231 | Abyss:1  | Gained mutation: Your flesh is heat resistant. (rF+)
                  | [potion of mutation]
 87231 | Abyss:1  | Gained mutation: You are extremely strong-willed. (Will+++)
                  | [potion of mutation]
 87593 | Coc:5    | Escaped the Abyss
 88618 | Coc:6    | HP: 14/347 [shard shrike/shard of ice[the effects of Hell]
                  | (38)]
 88879 | Coc:6    | Escaped the Abyss
 88944 | Coc:7    | Entered Level 7 of Cocytus
 89100 | Coc:7    | Corrupted Coc:7
 89277 | Abyss:1  | Paralysed by accursed screaming for 1 turns
 89429 | Abyss:1  | Gained mutation: Armour fits poorly on your strangely
                  | shaped body. [a neqoxec]
 89493 | Coc:7    | Escaped the Abyss
 89632 | Coc:7    | Noticed Antaeus
 89646 | Coc:7    | Killed Antaeus
 89665 | Coc:7    | Got an icy rune of Zot
 89873 | Dis:1    | Entered Level 1 of the Iron City of Dis
 89954 | Dis:1    | Reached skill level 1 in Air Magic
 90034 | Dis:3    | Found a huge runed gate.
 90034 | Dis:3    | Found a huge runed gate.
 90034 | Dis:3    | Found a huge runed gate.
 90034 | Dis:3    | Found a huge runed gate.
 90035 | Dis:3    | Found a huge runed gate.
 90036 | Dis:3    | Found a huge runed gate.
 90230 | Dis:4    | Learned a level 1 spell: Apportation
 90935 | Dis:7    | Entered Level 7 of the Iron City of Dis
 91192 | Abyss:1  | Found a bloodstained altar of Trog.
 91321 | Abyss:1  | Lost mutation: You are clumsy. (Dex -2) [potion of
                  | mutation]
 91321 | Abyss:1  | Lost mutation: Your magical capacity is low. (-10% MP)
                  | [potion of mutation]
 91321 | Abyss:1  | Lost mutation: Your flesh is heat resistant. (rF+) [potion
                  | of mutation]
 91321 | Abyss:1  | Lost mutation: You are partially covered in icy blue
                  | scales. (AC +2) [potion of mutation]
 91321 | Abyss:1  | Gained mutation: You are very frail. (-20% HP) [potion of
                  | mutation]
 91321 | Abyss:1  | Gained mutation: You passively map a small area around you.
                  | [potion of mutation]
 91378 | Abyss:1  | Found a corrupted altar of Lugonu.
 91635 | Abyss:1  | Gained mutation: Your body often deteriorates upon taking
                  | damage. [a neqoxec]
 91682 | Dis:7    | Escaped the Abyss
 91702 | Dis:7    | HP: 1/318 [reaper/+2 vampiric scythe (21)]
 91703 | Dis:7    | Demolished by a bone dragon

Illustrated notes

Levels and vault maps discovered:
D:1:      tarquinn_simple_flora_water_a, layout_loops_ring, minmay_unequal
D:2:      cheibrodos_pilgrimage, layout_rooms, st_stairs_2,
          nicolae_gozag_seed_capital
D:3:      layout_basic, nicolae_dithmenos_through_a_glass_darkly,
          minmay_quadrilaterals, uniq_grinder
D:4:      layout_basic
D:5:      layout_cave_pools, nicolae_overflow_hidden_temple, bloody_makhleb,
          gup_ossuary_entry_pyramid
D:6:      layout_rooms, marbit_many_paths, minmay_temple_entry_nine_rooms,
          gup_sewer_entry_pipe, minmay_guarded_unrand_staff_of_olgreb
D:7:      minmay_the_grid_triangle_9x9_rhombus_thin
          [minmay_the_grid_triangle_9x9_skeleton,
          minmay_the_grid_triangle_9x9_prize_center,
          minmay_the_grid_triangle_9x9_impossible_snake,
          minmay_the_grid_triangle_9x9_windchime], layout_loops_ring,
          cheibriados_altar_1, nicolae_overflow_crystal_walls,
          grunt_decor_resistance, uniq_pikel, uniq_maggie
D:8:      layout_cave_pods, amcnicky_altar_lugonu_corruption
D:9:      layout_basic, dpeg_lair_monsters, uniq_maurice, uniq_psyche
D:10:     minmay_goldmine, layout_irregular_city, kennysheep_generic_room_15,
          uniq_fannar
D:11:     layout_rooms, erik_orc_4
D:12:     minmay_mutant_horseshoe, layout_irregular_city, minivault_25,
          minmay_guarded_unrand_skullcrusher
D:13:     layout_cave_pools, grunt_vaults_entry_fortified,
          portal_ice_cave_entry_imps, uniq_josephine, uniq_urug
D:14:     layout_gridville
D:15:     hangedman_depths_entry_civil_slaughter, layout_loops_ring,
          nicolae_trove_entry_columns, gauntlet_entry_generic, serial_shops,
          shop_statue, minmay_stone_trees_medium, nicolae_twisting_strands,
          minmay_starry_boxes
Temple:   eino_temple_scatter_basement
Lair:1:   layout_long_grid, serial_bayou_lake_a, lemuel_fruit_tree
Lair:2:   dragon1_lemuel, layout_loops_ring
Lair:3:   layout_regular_city, skrybe_swamp_entry_bodies,
          nicolae_spider_entry_non_spiders, serial_bayou_lagoon_a
Lair:4:   layout_hall_layers
Lair:5:   layout_loops_ring, dpeg_slime_entry_enclosed_altar,
          minmay_lindwurm_lava
Lair:6:   hangedman_lair_tendril_chambers, layout_cave_pods,
          guppyfry_lair_end_dragon
Swamp:1:  layout_basic_swamp, ebering_ghost_inner_flame, hangedman_swamp_lotus,
          swamp_pool3
Swamp:2:  layout_falls_marsh, evilmike_swamp_ruin_house_2
Swamp:3:  layout_basic_swamp, hangedman_swamp_ruin_wall, swamp_pool4,
          ldierk_geyser, infiniplex_staircase_pool, uniq_roxanne
Swamp:4:  swamp_alternative, layout_basic_swamp
Spider:1: layout_spider_delve, uniq_aizul
Spider:2: layout_chambers, uniq_arachne
Spider:3: layout_spider_delve
Spider:4: spider_rune_water
Slime:1:  layout_caves
Slime:2:  layout_caves
Slime:3:  layout_caves, cheibrodos_slime_lost_civilization_5
Slime:4:  layout_caves
Slime:5
Orc:1:    layout_diamond_mine, gammafunk_ghost_arena, serial_shops, shop,
          bh_open_orc_temple
Orc:2:    st_orc_elflike, layout_caves, serial_shops, shop,
          nicolae_orc_tapped_out
Elf:1:    gammafunk_its_a_trap, layout_geoelf_diagonals, serial_shops,
          nicolae_shop_stone, nicolae_elf_v_pinch, eino_tiny_chamber,
          small_statue_intersection, tgw_sif, uniq_louise
Elf:2:    layout_rooms, serial_shops, shop, fountainhead, solitary_fountain
Elf:3:    minmay_elf_hall_four_x, layout_onion_city, minmay_elf_sorcery,
          uniq_nikola, uniq_mara
Vaults:1: nicolae_vaults_little_ls, vaults_mumra_minichess,
          nicolae_vaults_stairing_the_circle, vaults_dpeg_hooks,
          vaults_room_fancy_cross, nicolae_vaults_ninety_degrees, v_misc_28,
          v_misc_17, vaults_room_grunt_arrival_ludios,
          hangedman_vaults_capsules, layout_vaults_ring
Vaults:2: ontoclasm_vaults_ligature, vaults_room_ringed_pool,
          vaults_room_large_hall, v_rooms_1, vaults_room_pools,
          layout_vaults_omnigrid, dummy_crypt_entry, serial_shops,
          nicolae_shop_crystal, uniq_saint_roka, uniq_sojobo
Vaults:3: grunt_vaults_diagonal, vaults_mumra_chevron_long,
          hangedman_vaults_stream, v_misc_24, nicolae_vaults_yaktaur_gun_rack,
          hangedman_vaults_corner, hangedman_vaults_cutoff, v_alt_pattern_2,
          v_misc_27, nicolae_vaults_asterisk, grunt_vaults_hallway_short,
          v_alt_pattern_1, vaults_dpeg_cross, nicolae_vaults_little_squares_3,
          layout_vaults_big_room, serial_shops, shop, mu_enter_wizlab_3
Vaults:4: vaults_room_hallway, vaults_mumra_lcd,
          nicolae_vaults_little_squares_4, st_octagons_1,
          hangedman_vaults_slither, v_misc_4, nicolae_vaults_three_branches,
          layout_vaults_omnibox
Vaults:5
Crypt:1:  layout_chaotic_city, grunt_crypt_arrival_webbed, grunt_megastairs_4
Crypt:2:  layout_misc_corridors, grunt_ministairs_2, nicolae_crypt_small_crypt
Crypt:3:  cryptofortress_bobbens
Tomb:1
Depths:1: kennysheep_blocky_hall, layout_cave_pools, grunt_mini_vestibule,
          serial_shops, bzr_entry_water, kennysheep_cross_bottleneck,
          kennysheep_minor_cross, minmay_misc_feat_rows, roderic_roman_lattice,
          st_stairs_6, hangedman_glass_teeth, sword_in_stone
Depths:2: kennysheep_scales, layout_basic, minmay_misc_feat_doors, hell_entry,
          minmay_misc_feat_iff, kennysheep_path_1, kennysheep_generic_room_2,
          infiniplex_staircase_zigzag_4, minmay_shop_grove
Depths:3: grunt_house_of_mirrors, layout_cave_pools, enter_ziggurat_a,
          lemuel_statue_altar, abyss_entry_crystal, hell_entry,
          rand_demon_pan_entry_7, drop_trap, minmay_misc_feat_tower
Depths:4: nicolae_whirlpool, layout_basic, pf_coc_iceberg,
          small_statue_intersection, minmay_room_of_horrors,
          minmay_staircase_windowed_small, grunt_megastairs_5,
          serial_bayou_shore_a, uniq_margery
Depths:5: grunt_zot_entry_alcove, layout_basic, grunt_hell_entry_dis_grunt,
          gammafunk_ghost_ooze, minmay_shop_star, uniq_xtahua, uniq_frederick
Hell
Dis:1:    layout_subdivisions, nicolae_dis_hell_towers
Dis:2:    layout_gridville, door_vault
Dis:3:    layout_gridville, door_vault, grunt_megastairs_2
Dis:4:    hangedman_iron_city_apartments, layout_subdivisions
Dis:5:    layout_chaotic_city, hangedman_dis_decor_blocks_mantle,
          nicolae_dis_lava_storage_tank, evilmike_ambush
          [evilmike_ambush_outer_basic, evilmike_ambush_inner_wall_1]
Dis:6:    layout_overlapping_boxes
Dis:7:    dis_grunt_layers
Geh:1:    layout_gehenna_pools_basic, grunt_megastairs_3
Geh:2:    layout_gehenna_pools_box
Geh:3:    layout_gehenna_pools_box, lemuel_elevator
Geh:4:    layout_gehenna_lava_caves
Geh:5:    layout_gehenna_lava_caves
Geh:6:    layout_gehenna_pools_triple
Geh:7:    geh_grunt_pentagon
Coc:1:    grunt_deathspiral_small, layout_ice_bergs
Coc:2:    layout_ice_bergs
Coc:3:    layout_cocytus_water_paths, lemuel_elevator
Coc:4:    layout_ice_bergs
Coc:5:    layout_cocytus_water_paths
Coc:6:    layout_ice_bergs, serial_ice, serial_ice_e
Coc:7:    coc_mu
Zot:1:    layout_cellular_growth
Zot:2:    layout_misc_corridors
Zot:3:    kennysheep_oblong_rooms, layout_basic, hangedman_elemental_grid_stream
Zot:4:    layout_onion, chequers_guarded_unrand_mask_of_the_dragon
Zot:5:    layout_basic, hangedman_zot_decor_checkerboard,
          hangedman_zot_decor_unnerving_road, nicolae_zot_crop_circle

Skill      XL: |  1  2  3  4  5  6  7  8  9 10 11 12 13 14 15 16 17 18 19 20 21 22 23 24 25 26 27 |
---------------+----------------------------------------------------------------------------------+-----
Unarmed Combat | 3 4 5 6 9 10 11 14 15 16 17 18 19 20 21 27 | 27.0
Fighting       | 3 4 5 6 7 8 9 10 11 12 13 14 15 16 21 | 21.2
Dodging        | 2 3 4 5 7 9 11 12 13 14 16 | 16.2
Invocations    | 3 5 7 8 9 10 11 13 14 16 | 16.0
Shields        | 2 5 8 9 10 11 13 15 16 | 16.6
Armour         | 7 10 11 12 13 14 16 | 16.1
Throwing       | 2 12 20 | 20.1
Spellcasting   | 8 12 | 12.6
Necromancy     | 10 | 10.3
Transmutations | 14 | 14.5
Earth Magic    | 15 | 15.8
Air Magic      | 4 |  4.1

Action                   |  1- 3 |  4- 6 |  7- 9 | 10-12 | 13-15 | 16-18 | 19-21 | 22-24 | 25-27 || total
-------------------------+-------+-------+-------+-------+-------+-------+-------+-------+-------++-------
Melee: Unarmed           |    92 |    88 |   603 |   745 |  1873 |  1803 |  1410 |  2057 |  8073 || 16744
       Punch             |       |     1 |    20 |     3 |       |       |       |       |       ||    24
       Battleaxe         |       |       |       |     1 |       |       |       |       |       ||     1
       Mace              |       |       |       |       |    34 |       |       |       |       ||    34
       Giant club        |       |       |       |       |     7 |       |       |       |       ||     7
       Peck              |       |       |       |       |       |       |    39 |   530 |  2113 ||  2682
Throw: Javelin           |     3 |       |       |       |       |       |       |       |       ||     3
       Boomerang         |       |       |     1 |     5 |       |       |       |       |       ||     6
       Large rock        |       |       |       |       |       |     1 |       |       |    17 ||    18
 Cast: Statue Form       |       |       |       |       |       |       |       |       |    35 ||    35
       Swiftness         |       |       |       |       |       |       |       |       |     5 ||     5
       Dispel Undead     |       |       |       |       |       |       |       |       |     1 ||     1
       Wereblood         |       |       |       |       |       |       |       |       |     1 ||     1
Invok: Bend Space        |       |       |     2 |     3 |     1 |     4 |     3 |     1 |    26 ||    40
       Banish            |       |       |       |    12 |     4 |       |    31 |     1 |     2 ||    50
       Depart the Abyss  |       |       |       |       |       |     3 |       |     1 |       ||     4
       Corrupt           |       |       |       |       |       |       |     1 |     1 |     4 ||     6
       Enter the Abyss   |       |       |       |       |       |       |       |       |     9 ||     9
 Abil: Evoke Invisibilit |       |       |       |       |     1 |       |       |       |       ||     1
       End Transformatio |       |       |       |       |       |       |       |       |     9 ||     9
Evoke: Wand              |       |       |       |     1 |       |     3 |       |       |     7 ||    11
       Phial of floods   |       |       |       |       |     1 |       |       |       |       ||     1
       Condenser vane    |       |       |       |       |     1 |       |       |       |       ||     1
  Use: Scroll            |       |       |    21 |    12 |    12 |    10 |    24 |     9 |    32 ||   120
       Potion            |       |       |     1 |     3 |     2 |     7 |    12 |     8 |    38 ||    71
 Stab: Sleeping          |       |     1 |     4 |       |       |       |       |       |       ||     5
       Confused          |       |       |       |       |       |       |       |       |     1 ||     1
       Distracted        |       |       |       |       |       |       |       |       |     1 ||     1
       Invisible         |       |       |       |       |       |       |       |       |    12 ||    12
Armor: Robe              |    45 |    22 |   184 |       |       |       |       |       |       ||   251
       Steam dragon scal |       |       |     6 |   174 |     4 |       |       |       |       ||   184
       Fire dragon scale |       |       |       |    62 |   702 |   559 |       |       |       ||  1323
       Acid dragon scale |       |       |       |       |    72 |       |       |       |       ||    72
       Pearl dragon scal |       |       |       |       |       |   121 |   607 |   486 |  2428 ||  3642
       Skin              |       |       |       |       |       |       |       |       |   594 ||   594
Dodge: Dodged            |    59 |    43 |   348 |   411 |  1194 |   764 |   454 |   614 |  2692 ||  6579
Block: Kite shield       |       |       |       |   273 |  1282 |  1105 |       |       |       ||  2660
       Tower shield      |       |       |       |       |       |    50 |  1708 |  2273 | 10151 || 14182
       Reflection        |       |       |       |       |       |     4 |    38 |   204 |   164 ||   410
